 Dungeon Crawl Stone Soup version 0.25-a0-890-g62861fb195 (webtiles) character file.

Game seed: 6902418407101967533, levelgen mode: classic

104 EnegeticOcto the Shield-Bearer (level 4, -5/33 HPs)
             Began as an Octopode Fighter on May 2, 2020.
             Slain by an ogre
             ... wielding a +0 giant club
              (10 damage)
             ... on level 3 of the Dungeon.
             The game lasted 00:00:42 (2095 turns).

EnegeticOcto the Shield-Bearer (Octopode Fighter)   Turns: 2095, Time: 00:00:42

Health: -5/33      AC:  1    Str: 15    XL:     4   Next: 80%
Magic:  4/4        EV: 12    Int: 10    God:
Gold:   72         SH:  9    Dex: 12    Spells: 3/3 levels left

rFire    . . .     SeeInvis .   a - +0 long sword
rCold    . . .     Gourm    .   b - +0 kite shield
rNeg     . . .     Faith    .   (helmet restricted)
rPois    .         Spirit   .   g - amulet of the acrobat
rElec    .         Reflect  .   (no ring)
rCorr    .         Harm     .   (no ring)
MR       .....                  (no ring)
Stlth    ++........             (no ring)
HPRegen  0.11/turn              (no ring)
MPRegen  0.09/turn              (no ring)
                                (no ring)
                                (no ring)

@: no status effects
A: almost no armour, stealthy swim, amphibious, 8 rings, constrict 8, camouflage
1, gelatinous body 1
a: no special abilities


You were on level 3 of the Dungeon.
You were not hungry.

You visited 1 branch of the dungeon, and saw 3 of its levels.

You collected 72 gold pieces.

Inventory:

Hand Weapons
 a - a +0 long sword (weapon)
Armour
 b - a +0 kite shield (worn)
Jewellery
 g - an amulet of the acrobat (around mantle)
 r - an uncursed amulet of harm {unknown}
Scrolls
 c - 2 scrolls of blinking {unknown}
 d - a scroll of amnesia {unknown}
 f - 3 scrolls of identify {unknown}
 m - a scroll of teleportation {unknown}
 n - 2 scrolls of remove curse {unknown}
 o - 2 scrolls of enchant armour {unknown}
Potions
 h - 2 potions of ambrosia {unknown}
 i - 2 potions of curing {unknown}
 j - a potion of invisibility {unknown}
 k - 2 potions of might {@q3}
 l - 2 potions of lignification {unknown}
 p - 2 potions of flight {unknown}
Comestibles
 e - 5 rations


   Skills:
 + Level 3.6 Fighting
 * Level 3.6 Long Blades
 - Level 3.0 Dodging
 + Level 3.7 Shields


You had 3 spell levels left.
You didn't know any spells.
Your spell library contained the following spells:

 Spells                   Type           Power        Failure   Level  Hunger
 Confusing Touch          Hex            #.......     99%         3    ####...
 Gell's Gravitas          Tloc           #.........   99%         3    ####...
 Petrify                  Tmut/Erth      #.......     100%        4    #####..
 Metabolic Englaciation   Hex/Ice        #.........   100%        5    ######.
 Yara's Violent Unravell  Hex/Tmut       #.........   100%        5    ######.


Dungeon Overview and Level Annotations

Branches:
Dungeon (3/15)

Altars:
Ashenzari
Gozag

Shops:
D:2 *


Innate Abilities, Weirdness & Mutations

You cannot wear most types of armour.
You are very stealthy in the water. (Stealth+)
You are amphibious.
You can wear up to eight rings at the same time.
You can use your tentacles to constrict eight enemies at once.
Your skin changes colour to match your surroundings (Stealth+).
Your rubbery body absorbs attacks. (AC +1, EV +1)


Message History

e - 5 rations (gained 1)
Found a short sword.
c - 2 scrolls labeled VOPNIE QUJUBA (gained 1)
You open the door.
A jackal comes into view.
There is an open door here.
A jackal is nearby!
A jackal is nearby!
A jackal is nearby!
A jackal comes into view.
There are monsters nearby!
An orc comes into view. It is wielding a +0 falchion.
The jackal barks! x2; You hear a shout!
You hear a bark! 2 jackals come into view.
The jackal barks!
A goblin comes into view. It is wielding a +0 dagger.
You slash the jackal!
You kill the jackal!
You barely miss the orc. You grab the orc. You squeeze the orc.
You kill the orc!
The jackal bites you but does no damage.
You hit the jackal but do no damage. Your grab misses the jackal.
You hit the jackal. You grab the jackal.
The jackal is severely wounded.
You constrict the jackal. You block the jackal's attack.
The jackal barely misses you.
You riposte.
Your shield prevents you from hitting the jackal.
The jackal is almost dead.
You hit the jackal.
You kill the jackal!
The jackal barely misses you.
You riposte.
You hit the jackal but do no damage. Your grab misses the jackal.
Your squeeze misses the jackal. You closely miss the jackal.
Your grab misses the jackal. The jackal closely misses you.
You block the jackal's attack.
You barely miss the jackal. You grab the jackal. You squeeze the jackal.
You kill the jackal!
There are monsters nearby!
There are monsters nearby!
There are monsters nearby!
There are monsters nearby!
You closely miss the goblin. You grab the goblin. You constrict the goblin.
You kill the goblin!
The jackal bites you.
You hit the jackal. Your grab misses the jackal.
The jackal is severely wounded.
The jackal bites you. You block the jackal's attack.
You hit the jackal.
You kill the jackal!
No target in view!
No target in view!
No target in view!
No target in view!
No target in view!
No target in view!
An ogre comes into view. It is wielding a +0 giant club.
An ogre is nearby!
An ogre is nearby!
An ogre is nearby!
An ogre is nearby!
An ogre is nearby!
Items here: )) †††† The ogre shouts!
You block the ogre's attack.
You hit the ogre. Your squeeze misses the ogre.
The ogre is lightly wounded.
The ogre barely misses you.
You barely miss the ogre. You squeeze the ogre!
The ogre is heavily wounded.
You block the ogre's attack.
You hit the ogre but do no damage.
The ogre is heavily wounded.
The ogre hits you with a +0 giant club!!
Ouch! That really hurt!
* * * LOW HITPOINT WARNING * * *
You are too injured to fight recklessly!
You are too injured to fight recklessly!
You are too injured to fight recklessly!
You are too injured to fight recklessly!
You are too injured to fight recklessly!
You are too injured to fight recklessly!
You are too injured to fight recklessly!
You are too injured to fight recklessly!
You are too injured to fight recklessly!
You closely miss the ogre.
The ogre is heavily wounded.
You block the ogre's attack.
You hit the ogre.
The ogre is heavily wounded.
You block the ogre's attack.
You hit the ogre. You squeeze the ogre, but do no damage.
The ogre is heavily wounded.
You block the ogre's attack.
You hit the ogre.
The ogre is heavily wounded.
The ogre barely misses you.
You riposte.
You hit the ogre.
The ogre is severely wounded.
You completely miss the ogre.
The ogre is severely wounded.
The ogre hits you with a +0 giant club!
You die...

. #....................
...###'####.....#########.
..........##.......).......
..........##.....#########
###.......#####.##
#####+##)....... #........#
#........+ #@.......
#O....... #........
#........ .....#### ####.#
.. .##


You could see an ogre.

Vanquished Creatures
  A worker ant (D:2)
  3 adders
  An ooze (D:1)
  A worm (D:2)
  A dart slug (D:2)
  A leopard gecko (D:2)
  An orc (D:3)
  5 giant cockroaches
  5 goblins
  5 hobgoblins
  4 jackals (D:3)
  A quokka (D:3)
  A bat (D:2)
  A frilled lizard (D:2)
  7 kobolds
  3 rats
41 creatures vanquished.

Notes
Turn   | Place    | Note
-------+----------+-------------------------------------------
     0 | D:1      | EnegeticOcto the Octopode Fighter began the quest for the
                  | Orb.
     0 | D:1      | Reached XP level 1. HP: 16/16 MP: 1/1
   253 | D:1      | Reached XP level 2. HP: 21/21 MP: 2/2
   818 | D:2      | Reached XP level 3. HP: 26/26 MP: 3/3
   854 | D:2      | Found Gozag's Platinum Reserve.
   856 | D:2      | Found an opulent altar of Gozag.
  1038 | D:2      | Reached XP level 4. HP: 9/31 MP: 4/4
  2028 | D:3      | Found a shattered altar of Ashenzari.
  2083 | D:3      | Noticed an ogre
  2095 | D:3      | Slain by an ogre

Levels and vault maps discovered:
D:1:      matt_arrival_spirals, layout_loops_ring
D:2:      layout_loops_ring, nicolae_gozag_zags_fifth_avenue
D:3:      layout_basic, first_ration, ashenzari_altar_1

Skill      XL: |  1  2 |
---------------+-------+-----
Long Blades    | 3 |  3.6
Fighting       | |  3.6
Dodging        | |  3.0
Shields        | |  3.7

Action                   |  1- 3 |  4- 6 || total
-------------------------+-------+-------++-------
Melee: Long sword        |    37 |    38 ||    75
       Constrict         |     6 |    10 ||    16
       Tentacles         |     6 |    10 ||    16
 Stab: Sleeping          |     8 |     2 ||    10
  Eat: Chunk             |       |     4 ||     4
Armor: Skin              |     2 |     1 ||     3
Dodge: Dodged            |    13 |    10 ||    23
Block: Kite shield       |     8 |    15 ||    23
       Rpst.: Long sword |     6 |     4 ||    10

Table legend:
 A = Non-vault XP
 B = Vault XP
 C = Vault XP percentage of total XP
 D = Non-vault monster count
 E = Vault monster count
 F = Vault count percentage of total count
                 A         B        C        D         E       F
            +---------+---------+-------+---------+---------+-------
      Total |     149 |       0 |   0.0 |      41 |       0 |   0.0
            +---------+---------+-------+---------+---------+-------
        D:1 |      27 |       0 |   0.0 |      13 |       0 |   0.0
        D:2 |      92 |       0 |   0.0 |      19 |       0 |   0.0
        D:3 |      30 |       0 |   0.0 |       9 |       0 |   0.0
            +---------+---------+-------+---------+---------+-------
